 Dungeon Crawl Stone Soup version 0.23.0 (webtiles) character file.

Game seed: 6278366158020010810

4137 Kairos the Cleaver (level 10, -3/51 HPs)
             Began as a Vine Stalker Fighter on Feb 10, 2019.
             Was an Elder of Okawaru.
             Slain by Gastronok (5 damage)
             ... on level 8 of the Dungeon.
             The game lasted 00:17:47 (6921 turns).

Kairos the Cleaver (Vine Stalker Fighter)           Turns: 6921, Time: 00:17:47

Health: -3/51      AC: 13    Str: 20    XL:     10   Next: 27%
Magic:  0/20       EV: 17    Int: 10    God:    Okawaru [****..]
Gold:   493        SH: 12    Dex: 14    Spells: 9/9 levels left

rFire    . . .     SeeInvis .   a - +0 war axe
rCold    + + .     Gourm    .   c - +0 shield
rNeg     . . .     Faith    .   B - +1 leather armour of Ciasowup {rC+ Str-2 Slay+5}
rPois    .         Spirit   +   s - +0 helmet
rElec    .         Reflect  .   C - +0 cloak
rCorr    .         Harm     .   (no gloves)
MR       +....                  G - +0 pair of boots
Stlth    +++.......             (no amulet)
HPRegen  0.57/turn              m - +2 ring of intelligence
MPRegen  0.17/turn              q - ring of magical power

@: lethally poisoned (-3 -> -3), heroism, slowed, very slow
A: fangs 3, icy blue scales 1, iridescent scales 1, cold resistance 1, sense
surroundings 1, regeneration 1, magic shield, antimagic bite, no potion heal 3,
rot immunity
a: Heroism, Renounce Religion


You were on level 8 of the Dungeon.
You worshipped Okawaru.
Okawaru was greatly pleased with you.
You were hungry.

You visited 1 branch of the dungeon, and saw 8 of its levels.
You also visited: Sewer.

You collected 493 gold pieces.

Inventory:

Hand Weapons
 a - a +0 war axe (weapon)
 A - a +0 morningstar
 I - a +1 hunting sling of freezing
Armour
 c - a +0 shield (worn)
 r - the +5 ring mail "Moepudyu" {-Cast rElec rPois SInv}
   (You found it on level 5 of the Dungeon)

   It insulates you from electricity.
   It protects you from poison.
   It lets you see invisible.
   It prevents spellcasting.
 s - a +0 helmet (worn)
 B - the +1 leather armour of Ciasowup (worn) {rC+ Str-2 Slay+5}
   (You found it on level 6 of the Dungeon)

   It affects your strength (-2).
   It affects your accuracy and damage with ranged weapons and melee attacks
   (+5).
   It protects you from cold.
 C - a +0 cloak (worn)
 G - a +0 pair of boots (worn)
Jewellery
 m - a +2 ring of intelligence (left hand)
 q - a ring of magical power (right hand)
Wands
 b - a wand of polymorph (14)
 z - a wand of iceblast (7)
Scrolls
 e - a scroll of blinking
 i - 4 scrolls of remove curse
 l - a scroll of immolation
 p - a scroll of fear
 v - a scroll of enchant armour
 x - 3 scrolls of teleportation {unknown}
 y - a scroll of magic mapping {unknown}
 D - a scroll of torment {unknown}
Potions
 d - 2 potions of might
 g - a potion of haste
 h - 2 potions of mutation
 j - 4 potions of agility
 k - 2 potions of flight
 n - 5 potions of degeneration {unknown}
 o - 7 potions of heal wounds {unknown}
 t - 3 potions of invisibility {unknown}
 u - 4 potions of curing
 w - 2 potions of brilliance {unknown}
 E - a potion of magic {unknown}
 F - 3 potions of lignification {unknown}
 H - a potion of cancellation {unknown}
Comestibles
 f - 11 rations


   Skills:
 + Level 5.3(10.3) Fighting
 + Level 8.9(13.9) Axes
 + Level 5.1(10.1) Armour
 + Level 4.3(9.3) Dodging
 + Level 1.0(6.0) Stealth
 + Level 6.2(11.2) Shields
 + Level 0.3 Invocations


You had 9 spell levels left.
You didn't know any spells.
Your spell library contained the following spells:

 Spells                   Type           Power        Failure   Level  Hunger
 Corona                   Hex            #......      56%         1    ##.....
 Ensorcelled Hibernation  Hex/Ice        #.....       71%         2    ###....
 Confuse                  Hex            #.......     91%         3    ####...
 Dazzling Spray           Conj/Hex       #.....       91%         3    ####...
 Tukima's Dance           Hex            #.......     91%         3    ####...


Dungeon Overview and Level Annotations

Branches:
Dungeon (8/15)             Temple (0/1) D:6
   Lair: D:8-11

Altars:
Ashenzari
Dithmenos
Elyvilon
Fedhas
Gozag
Nemelex Xobeh
Okawaru
Qazlal
Sif Muna
Trog
Zin
The Shining One

Shops:
D:7 :

Annotations:
D:8 Gastronok


Innate Abilities, Weirdness & Mutations

You have razor-sharp teeth.
Your natural rate of healing is unusually fast.
When hurt, damage is shared between your health and your magic reserves.
Your bite disrupts and absorbs the magic of your enemies.
Potions cannot restore your health.
You are immune to rotting.
You are partially covered in icy blue scales. (AC +2)
You are partially covered in iridescent scales. (AC +2)
Your flesh is cold resistant. (rC+)
You passively map a small area around you.


Message History

You slash the worker ant! The worker ant bites you!
You are poisoned.
The worker ant poisons you! Gastronok bites you!!
* * * LOW HITPOINT WARNING * * *
The worker ant bites you but does no damage.
You gain the combat prowess of a mighty hero.
You feel sick.
The worker ant waves its antennae.
You block the worker ant's attack.
Gastronok's eyestalks quiver as he mumbles some strange words.
The worker ant barely misses you.
You hit Gastronok.
Gastronok is moderately wounded.
You hit the river rat. You slash the rat!
You kill the rat!
The rat's corpse disappears in a puff of smoke!
You barely miss the worker ant.
You feel sick. You block the worker ant's attack.
The river rat closely misses you. Gastronok bites you.
You die...

* * , *#...# ##†#
, *#.....# ###.#
* #..##..###..##
##..# #.....##
*##..# ##..### *
, ##...# ##.### ,
......######...#
,..(...a§r##?####
, ,, ,
......w@....# ,*
..######...## *
##..# * ,, *
#...# * ..#...* ,
, ..#####. , , *
..# # * * .. * ,


You could see Gastronok, a worker ant and a river rat.

Vanquished Creatures
  A manticore (D:7)
  Joseph (D:7)
  Grinder (D:6)
  A hippogriff (D:7)
  A wyvern (D:7)
  Menkaure (D:4)
  Duvessa (D:4)
  2 sky beasts
  2 black bears
  An orc warrior (D:7)
  3 ogres
  A centaur (D:6)
  4 big kobolds (Sewer)
  3 bullfrogs (D:7)
  Dowan (D:4)
  A scorpion (D:6)
  4 wights (D:6)
  5 howler monkeys
  2 crimson imps (D:5)
  A centaur zombie (D:7)
  2 orc priests
  3 centaur skeletons
  2 hounds
  Crazy Yiuf (D:6)
  A bullfrog skeleton (D:5)
  4 orc wizards
  An iguana (D:4)
  5 worker ants
  A hound zombie (D:5)
  A hound skeleton (D:5)
  A worker ant zombie (D:6)
  Robin (D:4)
  4 gnolls
  9 adders
  An ooze (D:4)
  An adder zombie (D:7)
  2 dart slugs (D:2)
  7 worms
  7 leopard geckos
  35 orcs
  A ball python (Sewer)
  13 giant cockroaches
  10 goblins
  9 hobgoblins
  6 jackals
  7 quokkas
  12 bats
  7 frilled lizards
  19 kobolds
  A leopard gecko skeleton (D:6)
  5 rats
216 creatures vanquished.

Notes
Turn   | Place    | Note
-------+----------+-------------------------------------------
     0 | D:1      | Kairos the Vine Stalker Fighter began the quest for the
                  | Orb.
     0 | D:1      | Reached XP level 1. HP: 11/11 MP: 2/2
   268 | D:1      | Reached XP level 2. HP: 14/16 MP: 3/3
   601 | D:1      | Gained mutation: You are partially covered in iridescent
                  | scales. (AC +2) [potion of mutation]
   601 | D:1      | Gained mutation: You are partially covered in icy blue
                  | scales. (AC +2) [potion of mutation]
   601 | D:1      | Gained mutation: Your flesh is cold resistant. (rC+)
                  | [potion of mutation]
   601 | D:1      | Gained mutation: You passively map a small area around you.
                  | [potion of mutation]
   630 | D:2      | Reached skill level 2 in Axes
   856 | D:2      | Reached XP level 3. HP: 16/19 MP: 4/4
  1086 | D:2      | Found an opulent altar of Gozag.
  1088 | D:2      | Found an iron altar of Okawaru.
  1121 | D:2      | HP: 1/20 [gnoll/+0 spear (6)]
  1122 | D:2      | Gained mutation: Your natural rate of healing is unusually
                  | fast. [Vine Stalker growth]
  1122 | D:2      | Reached XP level 4. HP: 1/24 MP: 1/5
  1133 | D:2      | HP: 1/24 [gnoll/+0 flail (6)]
  1306 | D:2      | Reached skill level 1 in Dodging
  1437 | D:2      | Reached XP level 5. HP: 27/28 MP: 6/6
  1484 | D:2      | Became a worshipper of Warmaster Okawaru
  1709 | D:2      | Found a sparkling altar of Nemelex Xobeh.
  1709 | D:2      | Found a glowing silver altar of Zin.
  1734 | D:2      | Found a stormy altar of Qazlal.
  1878 | D:3      | Found a glowing golden altar of the Shining One.
  1887 | D:3      | Found a deep blue altar of Sif Muna.
  2392 | D:3      | Reached skill level 3 in Axes
  2688 | D:4      | Reached XP level 6. HP: 28/32 MP: 5/7
  2719 | D:4      | Noticed Duvessa
  2720 | D:4      | Noticed Dowan
  2736 | D:4      | Killed Duvessa
  2741 | D:4      | Reached * piety under Okawaru
  2767 | D:4      | Killed Dowan
  2767 | D:4      | Reached XP level 7. HP: 27/36 MP: 5/8
  2849 | D:4      | Reached skill level 4 in Axes
  2893 | D:4      | Found a blossoming altar of Fedhas.
  3226 | D:4      | Noticed Robin
  3230 | D:4      | Noticed Menkaure
  3235 | D:4      | Killed Robin
  3242 | D:4      | Killed Menkaure
  3799 | D:5      | Entered Level 5 of the Dungeon
  3860 | D:5      | Got a transparent ring mail
  3871 | D:5      | Identified the +5 ring mail "Moepudyu" {-Cast rElec rPois
                  | SInv} (You found it on level 5 of the Dungeon)
  4104 | D:5      | Found a shadowy altar of Dithmenos.
  4110 | D:5      | Reached skill level 5 in Axes
  4137 | D:5      | Reached ** piety under Okawaru
  4157 | D:5      | Gained mutation: You have razor-sharp teeth. [Vine Stalker
                  | growth]
  4157 | D:5      | Reached XP level 8. HP: 42/42 MP: 7/9
  4674 | D:6      | Found a glowing drain.
  4694 | Sewer    | Entered a sewer
  4744 | Sewer    | Reached skill level 6 in Axes
  4942 | Sewer    | Reached skill level 5 in Shields
  4983 | D:6      | Found a staircase to the Ecumenical Temple.
  5084 | D:6      | Reached *** piety under Okawaru
  5084 | D:6      | Reached XP level 9. HP: 40/46 MP: 10/10
  5134 | D:6      | Noticed Grinder
  5144 | D:6      | Killed Grinder
  5144 | D:6      | Reached skill level 7 in Axes
  5464 | D:6      | Found a runed translucent door.
  5465 | D:6      | Noticed Crazy Yiuf
  5541 | D:6      | Killed Crazy Yiuf
  5597 | D:6      | Got an encrusted leather armour
  6131 | D:7      | Reached **** piety under Okawaru
  6131 | D:7      | Reached skill level 8 in Axes
  6152 | D:7      | Noticed a manticore
  6167 | D:7      | Killed a manticore
  6167 | D:7      | Reached skill level 5 in Fighting
  6313 | D:7      | Reached XP level 10. HP: 51/51 MP: 11/11
  6378 | D:7      | Reached skill level 5 in Armour
  6379 | D:7      | Noticed Joseph
  6415 | D:7      | Killed Joseph
  6415 | D:7      | Reached skill level 1 in Stealth
  6497 | D:7      | Found a shattered altar of Ashenzari.
  6497 | D:7      | Found a bloodstained altar of Trog.
  6502 | D:7      | Found a faded altar of an unknown god.
  6504 | D:7      | Found a faded altar of an unknown god.
  6505 | D:7      | Found a white marble altar of Elyvilon.
  6711 | D:7      | Found Dureuk's Book Emporium.
  6845 | D:7      | Identified the +1 leather armour of Ciasowup {rC+ Str-2
                  | Slay+5} (You found it on level 6 of the Dungeon)
  6911 | D:8      | Noticed Gastronok
  6921 | D:8      | HP: 2/51 [poisoned by a worker ant]
  6921 | D:8      | Slain by Gastronok

Skill      XL: |  1  2  3  4  5  6  7  8  9 10 |
---------------+-------------------------------+-----
Axes           | 2 3 5 6 8 |  8.9
Shields        | 3 4 5 6 |  6.2
Fighting       | 3 4 5 |  5.3
Dodging        | 1 2 3 4 |  4.3
Armour         | 3 4 5 |  5.1
Stealth        | 1 |  1.0
Invocations    | |  0.3

Action                   |  1- 3 |  4- 6 |  7- 9 | 10-12 || total
-------------------------+-------+-------+-------+-------++-------
Melee: War axe           |    81 |   203 |   375 |    62 ||   721
       Bite              |    26 |    48 |   129 |    23 ||   226
Invok: Heroism           |       |     1 |     2 |     2 ||     5
  Use: Scroll            |     4 |     1 |     4 |     1 ||    10
       Potion            |     1 |     1 |       |       ||     2
  Eat: Chunk             |       |     3 |     9 |     1 ||    13
       Ration            |       |     1 |     1 |       ||     2
Armor: Scale mail        |    43 |   105 |    29 |       ||   177
       Ring mail         |       |       |   147 |     9 ||   156
       Leather armour    |       |       |       |     3 ||     3
Dodge: Dodged            |    24 |    79 |   154 |    27 ||   284
Block: Shield            |    48 |    93 |   210 |    34 ||   385
